 Dungeon Crawl Stone Soup version 0.29-a0-653-gd47aff6735 (webtiles) character file.

Game seed: 6957367754861193138

148 zeratav the Sneak (level 5, 0/25 HPs)
             Began as a Spriggan Arcane Marksman on June 21, 2022.
             Slain by a hound (3 damage)
             ... on level 3 of the Dungeon.
             The game lasted 00:03:29 (2966 turns).

zeratav the Sneak (Spriggan Arcane Marksman)        Turns: 2966, Time: 00:03:30

Health: 0/25       AC:  4    Str:  6    XL:     5   Next: 8%
Magic:  8/8        EV: 17    Int: 15    God:
Gold:   177        SH:  0    Dex: 17    Spells: 5/6 levels left

rFire   . . .      SeeInvis +   a - +0 shortbow {bow}
rCold   . . .      Faith    .   (shield currently unavailable)
rNeg    . . .      Spirit   .   b - +0 robe
rPois   .          Reflect  .   v - +1 hat
rElec   .          Harm     .   s - +0 cloak
rCorr   .          Rampage  .   (gloves unavailable)
Will    .....                   (boots unavailable)
Stlth   +++.......              (no amulet)
HPRegen 0.08/turn               (no ring)
MPRegen 0.11/turn               (no ring)

@: very quick
A: very small, no large weapons, unfitting armour, see invisible, speed 3
a: no special abilities


You were on level 3 of the Dungeon.
You visited 1 branch of the dungeon, and saw 4 of its levels.

You collected 177 gold pieces.


Innate Abilities, Weirdness & Mutations

You are very small and have problems with some larger weapons.
You are too small for most types of armour.
You have supernaturally acute eyesight. (SInv)
You cover ground extremely quickly. (Speed+++)


   Skills:
 - Level 0.7 Fighting
 + Level 5.0 Bows
 - Level 2.6 Dodging
 - Level 5.0 Stealth
 - Level 1.3 Spellcasting
 - Level 3.6 Hexes


You had 5 spell levels left.
You knew the following spells:

 Your Spells              Type           Power      Damage    Failure   Level
a - Slow                  Hex            44%        N/A       5%          1

Your spell library contained the following spells:

 Spells                   Type           Power      Damage    Failure   Level
 Apportation              Tloc           2%         N/A       24%         1
 Necrotize                Necr           4%         1d4       24%         1
 Summon Small Mammal      Summ           4%         N/A       24%         1
 Inner Flame              Hex/Fire       6%         N/A       34%         3
 Portal Projectile        Hex/Tloc       12%        N/A       34%         3
 Cause Fear               Hex            5%         N/A       47%         4
 Call Canine Familiar     Summ           1%         N/A       56%         3
 Leda's Liquefaction      Hex/Erth       3%         N/A       75%         4
 Summon Forest            Summ/Tloc      0%         N/A       100%        5
 Eringya's Noxious Bog    Tmut/Pois      0%         N/A       100%        6
 Summon Hydra             Summ           0%         N/A       100%        7

Inventory:

Hand Weapons
 a - a +0 shortbow (weapon) {bow}
Armour
 b - a +0 robe (worn)
 s - a +0 cloak (worn)
   (You found it on level 2 of the Dungeon)
 v - a +1 hat (worn)
   (You found it on level 3 of the Dungeon)
Scrolls
 c - a scroll of vulnerability {!r!r}
 d - a scroll of poison {unknown}
 e - 2 scrolls of brand weapon {unknown}
 g - 2 scrolls of amnesia {unknown}
 h - 2 scrolls of immolation {unknown}
 k - 6 scrolls of identify {unknown}
 m - 4 scrolls of teleportation {unknown}
 n - a scroll of fog {unknown}
 o - a scroll of silence {unknown}
 r - 2 scrolls of enchant armour {unknown}
Potions
 f - 2 potions of degeneration {unknown}
 i - 3 potions of brilliance {unknown}
 j - 3 potions of flight {unknown}
 l - 2 potions of cancellation {unknown}
 p - a potion of attraction {unknown}
 q - 3 potions of invisibility {unknown}
 t - a potion of mutation {unknown}
 u - a potion of lignification {unknown}

Dungeon Overview and Level Annotations

Branches:
Dungeon (4/15) Zot: 21948
 Temple: D:4-7

Altars:
Kikubaaqudgha

#.......................
#............†..........
#.......................
#..<.#8###8##...##8###8#
#############...#### ### ##.#
#8...8# # #..# ##...## # #.##
#...# ##@# ##...## #.h# #8...8#
#.## ##...######## ##.#
##.....#..... ########## #..#
##............ ...#.)...#####.##
#........[.... ..........##...#
#....>......<. .............###
#.............
...........#########...<........<


You could see a hound.


Message History

The hound bites you. x2
* * * LOW HITPOINT WARNING * * *
HP[-5]
You take 5 damage, and now have 12/25 hp.
Shoot: a) +0 shortbow {bow}
Press: ? - help, Q - select action, (/) - cycle Shift-Dir - straight line, f/p - hound
Aim: a hound (severely wounded, 51% to hit)
You shoot an arrow.
The arrow hits the hound but does no damage.
The hound bites you.
* * * LOW HITPOINT WARNING * * *
The hound closely misses you.
HP[-2]
You take 2 damage, and now have 10/25 hp.
Shoot: a) +0 shortbow {bow}
Press: ? - help, Q - select action, (/) - cycle Shift-Dir - straight line, f/p - hound
Aim: a hound (severely wounded, 51% to hit)
You shoot an arrow. The arrow misses the hound. x2
The hound misses you.
HP[+1] Shoot: a) +0 shortbow {bow}
Press: ? - help, Q - select action, (/) - cycle Shift-Dir - straight line, f/p - hound
Aim: a hound (severely wounded, 51% to hit)
You shoot an arrow. The arrow barely misses the hound.
The arrow closely misses the hound.
The hound barely misses you. The hound bites you.
* * * LOW HITPOINT WARNING * * *
HP[-4]
You take 4 damage, and now have 7/25 hp.
Shoot: a) +0 shortbow {bow}
Press: ? - help, Q - select action, (/) - cycle Shift-Dir - straight line, f/p - hound
Aim: a hound (severely wounded, 51% to hit)
You shoot an arrow. The arrow closely misses the hound.
The arrow hits the hound.
The hound bites you but does no damage. The hound bites you.
* * * LOW HITPOINT WARNING * * *
HP[-2]
You take 2 damage, and now have 5/25 hp.
The hound stops to sniff the ground.
HP[+1]
The hound pauses to sniff the ground.
You see here a +0 leather armour.
Shoot: a) +0 shortbow {bow}
Press: ? - help, Q - select action, (/) - cycle Shift-Dir - straight line, f/p - hound
Aim: a hound (severely wounded, 51% to hit)
You shoot an arrow. The arrow barely misses the hound.
The arrow closely misses the hound.
HP[+1] Shoot: a) +0 shortbow {bow}
Press: ? - help, Q - select action, (/) - cycle Shift-Dir - straight line, f/p - hound
Aim: a hound (severely wounded, 51% to hit)
You shoot an arrow. The arrow hits the hound.
The hound closely misses you.
Shoot: a) +0 shortbow {bow}
Press: ? - help, Q - select action, (/) - cycle Shift-Dir - straight line, f/p - hound
Aim: a hound (severely wounded, 51% to hit)
You shoot an arrow. The arrow closely misses the hound.
The hound bites you.
* * * LOW HITPOINT WARNING * * *
HP[-4]
You take 4 damage, and now have 3/25 hp.
There is a stone staircase leading up here.
Shoot: a) +0 shortbow {bow}
Press: ? - help, Q - select action, (/) - cycle Shift-Dir - straight line, f/p - hound
Aim: a hound (severely wounded, 51% to hit)
You shoot an arrow. The arrow closely misses the hound.
The hound misses you.
HP[+1]
The hound completely misses you. The hound barely misses you.
You climb upwards.
There is a stone staircase leading down here.
HP[+1] Shoot: a) +0 shortbow {bow}
Press: ? - help, Q - select action, (/) - cycle Shift-Dir - straight line, f - hound
Aim: a hound (heavily wounded, 51% to hit)
You shoot an arrow. The arrow hits the hound!
Shoot: a) +0 shortbow {bow}
Press: ? - help, Q - select action, (/) - cycle Shift-Dir - straight line, f/p - hound
Aim: a hound (almost dead, 51% to hit)
You shoot an arrow. The arrow barely misses the hound.
The hound barely misses you. x2
Shoot: a) +0 shortbow {bow}
Press: ? - help, Q - select action, (/) - cycle Shift-Dir - straight line, f/p - hound
Aim: a hound (almost dead, 51% to hit)
You shoot an arrow. The arrow closely misses the hound.
The hound completely misses you. The hound closely misses you.
HP[+1] Shoot: a) +0 shortbow {bow}
Press: ? - help, Q - select action, (/) - cycle Shift-Dir - straight line, f/p - hound
Aim: a hound (almost dead, 51% to hit)
You shoot an arrow. The arrow closely misses the hound.
The hound barely misses you. The hound completely misses you.
Shoot: a) +0 shortbow {bow}
Press: ? - help, Q - select action, (/) - cycle Shift-Dir - straight line, f/p - hound
Aim: a hound (almost dead, 51% to hit)
You shoot an arrow. The arrow barely misses the hound.
The hound bites you.
* * * LOW HITPOINT WARNING * * *
The hound bites you.
You die...

Skill      XL: |  1  2  3  4  5 |
---------------+----------------+-----
Stealth        | 2 5 |  5.0
Bows           | 3 4 5 |  5.0
Fighting       | |  0.7
Dodging        | |  2.6
Spellcasting   | |  1.3
Hexes          | |  3.6

Action                   |  1- 3 |  4- 6 || total
-------------------------+-------+-------++-------
 Fire: Shortbow          |    74 |    83 ||   157
 Cast: Slow              |     2 |       ||     2
Armor: Robe              |     5 |    10 ||    15
Dodge: Dodged            |    30 |    38 ||    68

Levels and vault maps discovered:
D:1:      noname_arrival_rooms_in_the_neighbourhood, layout_loops_ring,
          chequers_ecumenical_altar_simple_redux, minmay_pentomino_u4
D:2:      minmay_inner_zag, layout_basic, basic_altar, amethyst_killhole,
          minmay_vboxes, uniq_terence
D:3:      layout_rooms, serial_corexii_hall, chequers_hall_statues_wall_a,
          corexii_hall_statues_x
D:4:      layout_basic, mainiacjoe_overflow_alcove_1

Notes
Turn   | Place    | Note
-------+----------+-------------------------------------------
     0 | D:1      | zeratav the Spriggan Arcane Marksman began the quest for
                  | the Orb.
     0 | D:1      | Reached XP level 1. HP: 9/9 MP: 3/3
     0 | D:1      | magus.rc [v1.9.6]
    87 | D:1      | Reached skill level 1 in Stealth
   230 | D:1      | Reached skill level 2 in Stealth
   334 | D:1      | Reached XP level 2. HP: 14/14 MP: 5/5
   344 | D:1      | Reached skill level 3 in Stealth
   433 | D:1      | Found a faded altar of an unknown god.
   509 | D:1      | Reached skill level 4 in Stealth
   663 | D:1      | You add the spells Summon Forest, Eringya's Noxious Bog and
                  | Summon Hydra to your library.
   910 | D:2      | You pick up a book of Cantrips and begin reading...
   910 | D:2      | You add the spells Necrotize, Summon Small Mammal and
                  | Apportation to your library.
   994 | D:2      | Noticed Terence
  1018 | D:2      | Killed Terence
  1019 | D:2      | Reached skill level 5 in Stealth
  1019 | D:2      | Reached XP level 3. HP: 11/17 MP: 4/6
  1240 | D:2      | Reached skill level 3 in Bows
  1273 | D:2      | Reached XP level 4. HP: 21/21 MP: 7/7
  1606 | D:2      | Found an ancient bone altar of Kikubaaqudgha.
  2316 | D:3      | Reached skill level 4 in Bows
  2651 | D:4      | Reached XP level 5. HP: 25/25 MP: 8/8
  2814 | D:4      | You pick up a book of the Hunter and begin reading...
  2814 | D:4      | You add the spells Call Canine Familiar and Leda's
                  | Liquefaction to your library.
  2871 | D:4      | Reached skill level 5 in Bows
  2876 | D:4      | HP: 5/25 [hound (2)]
  2927 | D:4      | HP: 3/25 [hound (4)]
  2966 | D:3      | HP: 3/25 [hound (3)]
  2966 | D:3      | Slain by a hound

Vanquished Creatures
  A hound (D:4)
  Terence (D:2)
  3 adders
  A worm (D:2)
  3 dart slugs
  An orc (D:4)
  4 endoplasms
  4 giant cockroaches
  6 hobgoblins
  2 quokkas (D:3)
  8 ball pythons
  6 bats
  2 frilled lizards
  4 goblins
  4 kobolds
  6 rats
56 creatures vanquished.

Table legend:
 A = Non-vault XP
 B = Vault XP
 C = Vault XP percentage of total XP
 D = Non-vault monster count
 E = Vault monster count
 F = Vault count percentage of total count
                 A         B        C        D         E       F
            +---------+---------+-------+---------+---------+-------
      Total |     145 |      67 |  31.6 |      44 |      12 |  21.4
            +---------+---------+-------+---------+---------+-------
        D:1 |      30 |       4 |  11.8 |      17 |       3 |  15.0
        D:2 |      21 |      63 |  75.0 |      11 |       9 |  45.0
        D:3 |      13 |       0 |   0.0 |       8 |       0 |   0.0
        D:4 |      81 |       0 |   0.0 |       8 |       0 |   0.0
            +---------+---------+-------+---------+---------+-------

Illustrated notes

Table legend:
 A = Kills in this place as a percentage of kills in entire the game.
 B = Kills by you in this place as a percentage of kills by you in the entire game.
 C = Kills by friends in this place as a percentage of kills by friends in the entire game.
 D = Other kills in this place as a percentage of other kills in the entire game.
 E = Experience gained in this place as a percentage of experience gained in the entire game.
 F = Experience gained in this place divided by the number of levels of this place that you have seen.
                   A       B       C       D       E      F
               +-------+-------+-------+-------+-------+----------------------
         Total | 100.0 | 100.0 |   N/A |   N/A | 100.0 |  53.0
       Dungeon | 100.0 | 100.0 |   N/A |   N/A | 100.0 |  53.0
               +-------+-------+-------+-------+-------+----------------------

Table legend: (Time is in decaauts)
 A = Elapsed time spent in this place.
 B = Non-inter-level travel time spent in this place.
 C = Inter-level travel time spent in this place.
 D = Time resting spent in this place.
 E = Time spent auto-exploring this place.
 F = Levels seen in this place.
 G = Mean time per level.
                   A        B        C        D        E       F      G
               +--------+--------+--------+--------+--------+-----+--------+
         Total |   2050 |   1966 |     84 |      0 |   1602 |   4 |  512.5 |
       Dungeon |   2050 |   1966 |     84 |      0 |   1602 |   4 |  512.5 |
               +--------+--------+--------+--------+--------+-----+--------+

Top non-repeatable levels by time:
     D:2: 902 daAuts
     D:1: 594 daAuts
     D:3: 277 daAuts
     D:4: 276 daAuts
